[Event "CCT Julius Baer-D3 2024"]
[Site "Online"]
[Date "2024.09.27"]
[Round "2"]
[White "Caruana, Fabiano"]
[Black "Alekseenko, Kirill"]
[Result "1-0"]
[ECO "A20"]
[WhiteElo "2798"]
[BlackElo "2679"]
[Annotator "TA"]
[PlyCount "81"]
[EventDate "2024.09.25"]
[EventType "swiss"]
[EventCountry "NET"]
[SourceTitle "playchess.com"]
[Source "ChessBase"]
[SourceQuality "1"]
[TimeControl "600+2"]

1. c4 e5 2. d3 Bb4+ 3. Nd2 c5 4. Ngf3 d6 $146 ({Predecessor:} 4... Nc6 5. g3 d6 6. Bg2 Nge7 7. O-O Ba5 8. b3 O-O 9. Bb2 h6 10. e3 Be6 {1-0 Caruana,F (2796)-Firouzja,A (2744) Bucharest Superbet Classic 4th playoff rapid 2024 (2)}) 5. g3 f5 6. Bg2 {[%emt 0:00:11] A20: English Opening: 1...e5.} Nf6 7. O-O Ba5 8. Nb1 (8. Nb3 $14 {is superior.}) 8... O-O $11 9. Bg5 h6 10. Bxf6 Qxf6 11. Nc3 Nc6 12. Nd5 Qf7 13. e3 Be6 14. a3 Ne7 15. Nxe7+ Qxe7 16. Rb1 Rab8 17. b4 Bc7 18. bxc5 dxc5 19. Nh4 Rfd8 20. Bd5 $1 (20. Bxb7 g5 21. Ng2 (21. Ng6 $2 Qe8 $19) 21... Bxc4 $15) (20. Rxb7 Rxb7 21. Bxb7 g5 $15) 20... Bxd5 21. cxd5 Qf7 22. e4 fxe4 23. dxe4 b5 24. a4 a6 25. axb5 axb5 26. Nf5 c4 27. Qc1 Kh7 28. Rd1 Bb6 29. Kg2 Bc5 (29... Qd7 $11) 30. d6 $1 $14 Bd4 (30... b4 $6 31. Rd5 Bxf2 32. Kxf2 $18) (30... Rb6 $1 $11 {and Black has nothing to worry.}) 31. Nxd4 $18 exd4 32. Rxd4 Qe6 {[%emt 0:00:08] [#]} 33. Qf4 $1 c3 $2 (33... g5 {was necessary.} 34. Qd2 Rb6 (34... Rxd6 $2 35. Rxd6 Qe5 36. Rd5 $18)) 34. e5 $18 Rdc8 $2 (34... Rbc8 35. Qe4+ (35. Rxb5 c2 $14) 35... Kh8) 35. d7 $18 Rd8 36. Rd6 Qa2 37. Qe4+ Kh8 38. e6 c2 39. Re1 Qa3 40. e7 Qxd6 41. e8=Q+ ({Stronger than} 41. e8=B b4 42. Qxc2 b3 $17) 1-0

[Event "CCT Julius Baer-D3 2024"]
[Site "Online"]
[Date "2024.09.27"]
[Round "2"]
[White "Niemann, Hans Moke"]
[Black "Yoo, Christopher Woojin"]
[Result "1/2-1/2"]
[ECO "C42"]
[WhiteElo "2733"]
[BlackElo "2603"]
[Annotator "TA"]
[PlyCount "127"]
[EventDate "2024.09.25"]
[EventType "swiss"]
[EventCountry "NET"]
[SourceTitle "playchess.com"]
[Source "ChessBase"]
[SourceQuality "1"]
[TimeControl "600+2"]

1. e4 e5 2. Nf3 Nf6 3. Nxe5 d6 4. Nf3 Nxe4 5. Qe2 Qe7 6. g3 {[%emt 0:00:01] C42: Petroff Defence: 3 Nxe5 and unusual White 3rd moves.} Nf6 7. Bg2 Qxe2+ 8. Kxe2 Be7 9. Re1 O-O 10. Kf1 Bd8 $146 ({Predecessor:} 10... Re8 11. b4 Na6 12. a3 c6 13. Bb2 Nc7 14. Nc3 Bd7 15. d3 Bf8 16. Ne2 Nh5 {½-½ Subelj,J (2512)-Indjic,A (2589) EU-ch Rapid Zagreb 2023 (4)}) 11. d3 d5 12. Nc3 c6 13. Bf4 Bg4 14. Nd4 Bb6 15. Nb3 Nbd7 16. Na4 Rfe8 17. Nxb6 axb6 18. h3 Rxe1+ 19. Kxe1 Be6 20. Nd4 Nc5 21. Kd2 b5 22. Bd6 Ncd7 23. f4 Ne8 24. Be7 Nb6 25. f5 Nc8 26. Bg5 Bd7 27. g4 Ncd6 28. a3 b4 {[%emt 0:00:16] [#]} 29. a4 $1 b6 30. b3 f6 31. Bf4 Kf7 32. Re1 g6 33. fxg6+ hxg6 34. Kc1 g5 35. Bd2 Nc7 36. Bxb4 c5 37. Ba3 Re8 38. Rxe8 Ndxe8 39. Ne2 Bc6 (39... Ke6 $142 40. a5 bxa5 41. Bxc5 a4 42. bxa4 Bxa4) 40. d4 Ne6 41. a5 bxa5 42. Bxc5 ({Don't do} 42. dxc5 $6 N8c7 43. c3 a4 $16 (43... Nb5 44. c4 $16)) 42... N8c7 43. Nc3 $2 (43. Bb6 $18 {[%cal Oc2c4] Hoping for c4!} a4 44. b4) 43... Nxc5 $11 44. dxc5 Ke6 45. Bf1 Ke5 46. Na2 Kd4 47. c3+ Kxc5 48. Kd2 Ne6 49. Nc1 Kd6 50. Ke3 Bd7 51. Bd3 (51. Ne2 $11) 51... Nf4 $17 52. Bf1 Ng6 ({Black should play} 52... Be6 $15) 53. Kd4 f5 54. gxf5 $1 Bxf5 55. c4 dxc4 56. bxc4 Nf4 57. c5+ Kc7 (57... Kc6 $17 {[%cal Of5e6] Strongly threatening ...Be6!} 58. Nb3 a4 (58... Bxh3 59. Nxa5+ Kc7 60. Bxh3 $11)) 58. Bb5 (58. Ke5 $11 Bxh3 59. Bxh3 Nxh3 60. Kf5) 58... Bxh3 (58... Bd7 $15 59. Bxd7 Kxd7) 59. Nb3 $11 Bd7 60. Bxd7 Kxd7 61. Nxa5 Ne6+ 62. Ke4 Nxc5+ 63. Kf5 g4 64. Kxg4 1/2-1/2

[Event "CCT Julius Baer-D3 2024"]
[Site "Online"]
[Date "2024.09.27"]
[Round "2"]
[White "Keymer, Vincent"]
[Black "Santos Latasa, Jaime"]
[Result "1-0"]
[ECO "A17"]
[WhiteElo "2730"]
[BlackElo "2624"]
[Annotator "TA"]
[PlyCount "89"]
[EventDate "2024.09.25"]
[EventType "swiss"]
[EventCountry "NET"]
[SourceTitle "playchess.com"]
[Source "ChessBase"]
[SourceQuality "1"]
[TimeControl "600+2"]

1. Nf3 d5 2. e3 Nf6 3. c4 e6 4. Nc3 dxc4 5. Bxc4 a6 6. e4 b5 7. Bb3 Bb7 8. e5 {[%emt 0:00:02] The position is equal.} Nd5 9. d4 c5 10. Bxd5 Bxd5 11. Bg5 Qd7 12. Nxd5 Qxd5 13. dxc5 Bxc5 14. Qxd5 exd5 15. Rd1 Nc6 16. Rxd5 (16. Rc1 $16 Bb4+ 17. Ke2) 16... Be7 (16... Nb4 $1 $11 {remains equal.} 17. Rd1 (17. Rxc5 Nd3+ 18. Ke2 Nxc5 $17) 17... h6) 17. Bxe7 $16 {[%emt 0:00:21] Black is on the road to losing.} Kxe7 18. Ke2 Rac8 19. Rhd1 Rhd8 {[%emt 0:00:06] Dodges Rd7+} 20. Rxd8 Nxd8 {[%emt 0:00:00][%mdl 4096] Endgame. KRN-KRN} 21. Nd4 {[%emt 0:00:16] White is more active.} g6 22. f4 Rc4 23. b3 Rc5 24. Ke3 b4 25. g3 Nb7 (25... Ne6 $16 {keeps fighting.} 26. Nxe6 fxe6) 26. Kd2 $18 Nd8 {[%emt 0:00:48] [#]} 27. Rc1 $1 Ra5 28. Rc2 Kd7 29. Ke3 Ne6 30. Nxe6 fxe6 {[%emt 0:00:15] KR-KR} 31. g4 Rd5 $2 {[%emt 0:00:08] [#]} (31... Rb5 32. Rc4 h5) 32. Rd2 Kc6 33. Rxd5 Kxd5 {[%emt 0:00:00] KP-KP} 34. h4 a5 35. Kd3 h6 36. Ke3 {[%emt 0:00:00] White mates.} g5 37. fxg5 hxg5 38. hxg5 Kxe5 39. Kd3 Kd6 40. Ke4 Ke7 41. Ke5 Kf7 42. Kd6 Kg6 43. Kxe6 Kxg5 44. Kd5 Kxg4 45. Kc5 {[%emt 0:00:00] Weighted Error Value: White=0.07 (flawless) /Black=0.34.  Mistake:       	White=1     	Black=3      Inaccurate:     	---       	Black=6      OK:         	White=16    	Black=3      Best:        	White=2     	---} 1-0

[Event "CCT Julius Baer-D3 2024"]
[Site "Online"]
[Date "2024.09.27"]
[Round "2"]
[White "Navara, David"]
[Black "Bharath Subramaniyam H"]
[Result "1/2-1/2"]
[ECO "E44"]
[WhiteElo "2681"]
[BlackElo "2561"]
[Annotator "TA"]
[PlyCount "168"]
[EventDate "2024.09.25"]
[EventType "swiss"]
[EventCountry "NET"]
[SourceTitle "playchess.com"]
[Source "ChessBase"]
[SourceQuality "1"]
[TimeControl "600+2"]

1. d4 Nf6 2. c4 e6 3. Nc3 Bb4 4. e3 b6 5. Nge2 Ne4 6. Qc2 Bb7 7. a3 Bxc3+ 8. Nxc3 Nxc3 9. Qxc3 d6 10. h4 Nd7 11. f3 e5 12. b4 O-O 13. Bb2 Qe7 14. dxe5 dxe5 15. h5 h6 16. c5 bxc5 17. bxc5 (17. Bb5 $11) 17... Bc6 $17 (17... Nxc5 $6 18. Qxe5 Qxe5 19. Bxe5 $14) 18. e4 Rab8 (18... Nxc5 $2 19. Rc1 Ne6 (19... Na4 $2 20. Qxe5 Qxe5 21. Bxe5 $18) 20. Qxc6 $18) (18... f5 {simplifies} 19. Bc4+ Kh8 20. Bd5 Bxd5 21. exd5 Qxc5 22. Qxc5 Nxc5 23. Rd1 e4) 19. Rc1 Qg5 20. Kf2 {[%emt 0:00:53] [#] Inhibits Qg3+.} Nxc5 21. Rc2 $11 {[%emt 0:00:26] [#]} (21. Be2 Bd7 22. Qxe5 (22. Qxc5 Rxb2 23. Rc2 Rfb8 $19) 22... Nd3+ 23. Bxd3 Qd2+ 24. Be2 Rxb2 $17) 21... Bxe4 $1 22. Qxc5 $14 Bxc2 23. Qxc2 Rfd8 (23... e4 $14 24. Bc1 (24. fxe4 Qf4+ 25. Kg1 Qe3+ 26. Kh2 Rfe8 $17) 24... Qf6) 24. Bc1 $1 $16 {[%emt 0:00:19][%mdl 1024] White has strong compensation.} Qf6 25. Be2 (25. Qxc7 $2 Rbc8 $19) 25... Qe7 26. a4 ({White should try} 26. g3 $16) 26... Rd4 27. Be3 Rh4 28. Rc1 {[%emt 0:01:05] Black is weak on the light squares} (28. Bxa7 $2 Rxh1 29. Qc3 Ra8 $19) 28... Rxh5 29. Qxc7 (29. Bxa7 $6 Qh4+ 30. Kf1 Qf4 $11) 29... Qh4+ 30. Kf1 {[%emt 0:00:01] White is much more active.} Rb2 31. Qc8+ (31. Qxa7 Qh1+ 32. Bg1 Rg5 33. Qa8+ Kh7 $16) (31. Bxa7 $6 Qg5 32. Rc2 (32. Qc8+ Kh7 $11) 32... Rb1+ (32... Rh1+ 33. Kf2 $11) 33. Kf2 Qh4+ 34. Ke3 Qf4+ 35. Kf2 Qh4+ 36. Ke3 Qf4+ 37. Kf2 Qh4+ $11) 31... Kh7 32. Bd3+ (32. Bxa7 $6 Qg5 33. Re1 Rh1+ 34. Bg1 h5 $11) 32... g6 {[%emt 0:00:27] [#]} 33. Bxg6+ $1 Kg7 {[%emt 0:00:13] ( -> ...Qh1+)} (33... Kxg6 34. Qg8+ Kf6 35. Rc6+ (35. Bxa7 Qxa4 36. Qh8+ Ke6 $11) 35... Ke7 36. Bc5+ Kd7 37. Qc8#) 34. Bc2 {[%emt 0:00:06][%cal Oc8c3] The board is on fire. A strong pair of Bishops.} (34. Bxh5 $2 Qh1+ 35. Bg1 Qxg2+ 36. Ke1 Qxg1#) 34... Qh1+ 35. Kf2 Qh4+ 36. Kf1 (36. Ke2 $16 Qxa4 37. Qg4+ Qxg4 38. fxg4) 36... Qh1+ $11 37. Bg1 (37. Kf2 $6 Qh4+ 38. Ke2 Qxa4 $16) 37... Rg5 38. Qh3 Qxh3 39. gxh3 {[%emt 0:00:00][%cal Og1f2] Black must now prevent Bf2!} Rg3 40. Be4 (40. Bxa7 Rxf3+ 41. Ke1 Rxh3 $17) 40... a6 41. Bf2 Rxh3 42. Kg2 Rh5 43. Rc2 Rg5+ 44. Kf1 Rb1+ (44... Rxc2 45. Bxc2 f5 46. Bd3 $18) 45. Ke2 Ra1 46. Bc6 Rg6 47. f4 Re6 {[%emt 0:00:05] [#]} (47... f6 $14) 48. Bd5 (48. fxe5 $1 $16 {aiming for Bd4.} Rxe5+ 49. Kd2) 48... Rd6 49. Bc4 (49. fxe5 $2 Rxd5 50. Bg3 Rxa4 $19) 49... exf4 50. Kf3 Rxa4 51. Be2 (51. Bc5 $1 $11 Rg6 52. Bd4+ f6 53. Bf2) 51... Rf6 (51... Ra3+ $17 52. Kg4 h5+ 53. Kh4 f3) 52. Be1 Rg6 53. Rc7 Ra3+ 54. Bc3+ $2 (54. Kf2 $11) 54... Kf8 $2 (54... Rxc3+ $1 {mates} 55. Rxc3 Rg3+ 56. Kxf4 Rxc3 57. Bxa6 Kg6 58. Kg4 h5+ 59. Kh4 Rb3 60. Bc8 Rb4+ 61. Kh3 f5 62. Kh2 h4 63. Kg2 Kg5 64. Bd7 Rb3 (64... Kg4 {leads to mate.} 65. Kf2 h3 66. Bc6 Re4 67. Bxe4 fxe4 68. Ke3 h2 69. Kxe4 h1=Q+ 70. Kd4 Qc6 71. Ke5 Qc5+ 72. Ke4 Kg3 73. Kd3 Kf3 74. Kd2 Qc4 75. Kd1 Ke3 76. Ke1 Qe2#) 65. Bc6 Kg4 66. Kf2 h3 (66... Rb2+ 67. Ke3 h3 68. Bf3+ Kg3 69. Bd5 h2 70. Kd3 Rg2 71. Bxg2 Kxg2 72. Ke3 Kg3 73. Kd4 f4 74. Ke5 f3 75. Kf6 h1=Q 76. Kg6 f2 77. Kf6 f1=Q+ 78. Ke5 Qf4+ 79. Ke6 Qc6+ 80. Ke7 Qff6#) 67. Bd5 Rb2+ 68. Ke3 f4+ 69. Kd3 f3 70. Be6+ Kg3 71. Kc3 Re2 (71... h2 72. Kxb2 f2 73. Bd5 f1=Q 74. Kc3 h1=Q 75. Bxh1 Qxh1 76. Kd4 Qc6 77. Ke5 Qd7 78. Ke4 Qd6 79. Ke3 Qd5 80. Ke2 Qd4 81. Ke1 Kf3 82. Kf1 Qf2#) 72. Bd5 f2 (72... h2 {gets mated.} 73. Kd4 h1=Q 74. Bc4 Qd1+ 75. Kc5 Rc2 76. Kb5 f2 77. Bg8 f1=Q+ 78. Ka5 Qa1+ 79. Kb4 Qf8+ 80. Kb5 Qc5#) 73. Kc4 f1=Q (73... f1=B 74. Kb3 Bg2 75. Bg8 h2 76. Bc4 Re7 77. Kc3 h1=Q 78. Bd3 Qc1+ 79. Bc2 Rc7+ 80. Kb4 Rxc2 81. Ka5 Qb1 82. Ka6 Ra2#) 74. Kc5 Rc2+ (74... Qc1+ 75. Kd6 h2 76. Bc6 Qa3+ 77. Kd7 Qa7+ 78. Kd8 Re7 79. Bb7 Rxb7 80. Ke8 Rb8#) 75. Kb4 Qf8+ 76. Kb3 Qc5 (76... Qf2 77. Be4 h2 78. Bxc2 h1=Q 79. Bd3 Qb7+ 80. Kc4 Qfb2 81. Bg6 Q7b5#) 77. Bf7 Rc3+ 78. Ka2 Qa3+ 79. Kb1 Rc1#) 55. Kxf4 Ra4+ 56. Bc4 Re6 57. Kf3 Rxc4 58. Rxc4 {[%emt 0:00:00][%mdl 4096] Endgame. KRB-KR} Ke7 59. Rc7+ Ke8 60. Kf4 Kf8 61. Kf5 Ke8 62. Bf6 Kf8 63. Rc8+ Re8 {[%emt 0:00:01] [#]} 64. Bg7+ $1 Ke7 $1 65. Rc7+ ({Reject} 65. Rxe8+ Kxe8 66. Bxh6 a5 $11) 65... Kd6 66. Rxf7 Kc6 67. Bxh6 a5 68. Bg7 Kb5 69. Be5 a4 70. Ke4 Rd8 71. Bd4 a3 72. Kd3 Ra8 (72... Kb4 $11) 73. Rf5+ Kc6 74. Kc4 (74. Ba1 $16) 74... Ra4+ $1 75. Kd3 a2 (75... Ra8 $1 $11 {keeps the balance.}) 76. Ba1 $16 Kb6 77. Kc3 Ra8 78. Kb3 Kc6 79. Kb4 Kd6 80. Rf1 (80. Rf4 $16) 80... Rb8+ $11 {[%emt 0:00:01] The position is equal.} 81. Ka3 Rb1 82. Rf6+ Ke7 83. Kxa2 Rxa1+ $1 84. Kxa1 Kxf6 {[%emt 0:00:01] Weighted Error Value: White=0.23 (precise) /Black=0.26 (precise) .  Loses game:     	White=1     	---        Missed win:     	---       	Black=1      Mistake:       	White=7     	Black=7      Inaccurate:     	White=8     	Black=7      OK:         	White=26    	Black=27     Best:        	White=7     	Black=7      Strong:       	White=1     	Black=3      Brilliant:      	White=1     	---} 1/2-1/2

[Event "CCT Julius Baer-D3 2024"]
[Site "Online"]
[Date "2024.09.27"]
[Round "2"]
[White "Alekseenko, Kirill"]
[Black "Caruana, Fabiano"]
[Result "0-1"]
[ECO "C50"]
[WhiteElo "2679"]
[BlackElo "2798"]
[Annotator "TA"]
[PlyCount "78"]
[EventDate "2024.09.25"]
[EventType "swiss"]
[EventCountry "NET"]
[SourceTitle "playchess.com"]
[Source "ChessBase"]
[SourceQuality "1"]
[TimeControl "600+2"]

1. e4 e5 2. Nf3 Nc6 3. Bc4 Bc5 4. d3 d6 5. a3 h6 6. Nc3 {[%emt 0:00:15] C50: Hungarian Defence and Giuoco Pianissimo.} a6 7. Be3 Nge7 $146 ({Predecessor:} 7... Bxe3 8. fxe3 Nf6 9. O-O Be6 10. Nd5 Bxd5 11. exd5 Ne7 12. e4 Ng6 13. c3 O-O {0-1 Dominguez Aguilar,G (2327)-Hernandez Jimenez,A (2145) Mexico City Fenamac-B 3rd 2021 (6)}) 8. Bxc5 dxc5 9. Nd5 Be6 10. Ne3 Qd7 11. O-O Ng6 12. Bxe6 Qxe6 13. g3 O-O-O {[%emt 0:00:24] [#]} 14. b4 $1 cxb4 (14... Qd6 15. Nf5) 15. axb4 Nxb4 16. Qb1 Nc6 17. Qb2 {[%emt 0:00:14][%mdl 1024] Strongly threatening Rfb1. White has compensation.} a5 18. Rfb1 (18. Qb5 $16) 18... b6 $11 19. Qb5 Nge7 {[%emt 0:00:02] Prevents Nd5.} 20. c3 f6 $1 21. Ra4 Nb8 22. d4 {[%emt 0:00:16] d5 is the strong threat.} (22. Rxa5 bxa5 23. Qxb8+ Kd7 24. Qb5+ Qc6 25. Qxa5 Ra8 26. Nxe5+ (26. Qb4 $2 Rab8 $19) 26... fxe5 27. Qxe5 Qf6 28. Qb5+ Kd8 $17 (28... Qc6 29. Qe5 $17)) 22... Qc6 23. Qb3 {[%emt 0:00:06] And now Rc4 would win.} (23. dxe5 {simplifies} Qxb5 24. Rxb5 Rd3 25. exf6 gxf6 26. Ra3) 23... Qxe4 24. Nd2 Qc6 (24... Qd3 $1 $11 25. Ndc4 Nd7 (25... exd4 26. Nxb6+ cxb6 27. Qe6+ Rd7 28. Rc4+ Nbc6 29. Rd1 $16)) 25. Ndc4 $16 {[%emt 0:00:34][%cal Oc4a5] Threatens to win with Nxa5!} Nd7 (25... Nd5 $142) 26. Qa3 $2 ({White should try} 26. Na3 $16) 26... Rhe8 $1 $11 27. Nxa5 bxa5 $17 28. Rc4 (28. Rxa5 $17 Nb6 29. Rc5) 28... Qa6 $19 {[%emt 0:00:12][%cal Oe7d5] White must now prevent ...Nd5!} 29. d5 $2 (29. Qb3 $17 {is a better chance.}) 29... Nb6 ({But not} 29... Nxd5 30. Ra4 N7b6 (30... Nxe3 31. Rxa5 Qd3 32. Ra8+ $17) 31. Rxa5 $19) 30. Rxc7+ (30. Rc5 $142 Nexd5 31. Rxa5) 30... Kxc7 31. Qc5+ Kb7 32. Nc4 Nexd5 (32... Rxd5 $2 {is the wrong capture.} 33. Rxb6+ $18) 33. Nxa5+ Ka8 34. Qc6+ Ka7 35. Nb3 Rc8 36. Qd6 Red8 37. Qe6 Nxc3 38. Ra1 Rd1+ 39. Rxd1 Nxd1 0-1

[Event "CCT Julius Baer-D3 2024"]
[Site "Online"]
[Date "2024.09.27"]
[Round "2"]
[White "Sindarov, Javokhir"]
[Black "Kamsky, Gata"]
[Result "1-0"]
[ECO "B22"]
[WhiteElo "2677"]
[BlackElo "2609"]
[Annotator "TA"]
[PlyCount "57"]
[EventDate "2024.09.25"]
[EventType "swiss"]
[EventCountry "NET"]
[SourceTitle "playchess.com"]
[Source "ChessBase"]
[SourceQuality "1"]
[TimeControl "600+2"]

1. e4 c5 2. Nf3 e6 3. c3 Nf6 4. e5 Nd5 5. a3 b6 6. d4 cxd4 7. cxd4 Ba6 8. Bxa6 Nxa6 9. Bg5 Be7 {[%emt 0:00:15] The position is equal.} 10. Bxe7 Qxe7 11. O-O O-O 12. Nbd2 f5 13. Rc1 Nac7 14. Nc4 g5 15. Qd2 g4 16. Ne1 f4 17. Nd6 Ne8 18. Ne4 Qg7 19. Nd3 Qg6 20. Rfe1 a5 21. Kh1 Ng7 22. Nf6+ Nxf6 23. exf6 Rxf6 (23... Qxf6 $11 {remains equal.} 24. Re4 (24. Ne5 Qh4 $16) 24... Nh5) 24. Ne5 $1 $16 (24. Nxf4 Qh6 25. g3 Nh5) 24... Qg5 25. Nxd7 Rh6 26. Re4 {[%emt 0:00:09] White has more active pieces.} (26. Nxb6 Rf8 27. Rc3 (27. Nd7 $2 Qh5 $19) 27... Rh4 $17) 26... Rd8 (26... Nh5 $16) 27. Qxf4 $18 (27. Nxb6 $2 {is the wrong capture.} e5 28. Rc3 (28. Rxe5 $2 Qxe5 29. Rc8 Rhd6 $19) (28. Qxa5 $2 Qh5 $19) 28... Rxb6 $19) 27... Qh4 {[%emt 0:00:27] [#]} (27... Qxf4 $16 28. Rxf4 Rxd7) 28. Rc7 (28. Qxg4 $2 Qxh2#) (28. Nxb6 e5 29. Qxe5 Re6 $11 (29... Rxb6 30. Qxa5 Rxb2 31. Rxg4 $11)) 28... Ne8 $2 (28... e5 $18 29. Nxe5 (29. dxe5 Kh8 $18) (29. Rxe5 Ne6 $15) 29... Rf8) 29. Qf8# {[%emt 0:00:03] Weighted Error Value: White=0.10 (very precise) /Black=0.47.  Loses game:     	---       	Black=1      Mistake:       	---       	Black=3      Inaccurate:     	White=2     	Black=1      OK:         	White=11    	Black=8      Best:        	White=2     	Black=2      Strong:       	White=1     	---} 1-0

[Event "CCT Julius Baer-D3 2024"]
[Site "Online"]
[Date "2024.09.27"]
[Round "2"]
[White "Gelfand, Boris"]
[Black "Korobov, Anton"]
[Result "1/2-1/2"]
[ECO "A07"]
[WhiteElo "2658"]
[BlackElo "2650"]
[Annotator "TA"]
[PlyCount "99"]
[EventDate "2024.09.25"]
[EventType "swiss"]
[EventCountry "NET"]
[SourceTitle "playchess.com"]
[Source "ChessBase"]
[SourceQuality "1"]
[TimeControl "600+2"]

1. Nf3 d5 2. g3 c6 3. Bg2 Bg4 4. h3 Bxf3 5. Bxf3 Nd7 6. d3 Ngf6 7. O-O e5 8. e4 Be7 9. exd5 Nxd5 10. Nc3 Nxc3 11. bxc3 O-O 12. Re1 Qc7 13. Rb1 Rad8 14. Bg2 Rfe8 15. Qg4 Nf6 16. Qa4 Bc5 17. Bg5 {[%emt 0:00:14] aiming for Bxf6.} Re6 18. Qc4 Bb6 19. Re2 h6 20. Bd2 Rde8 21. Rbe1 Qd6 22. a4 {[%emt 0:00:25] [#]} (22. Qb4 $14) 22... e4 $1 $11 23. dxe4 {[%emt 0:00:30] [#]} (23. d4 Ba5) 23... Nxe4 $1 24. Bf4 (24. Rxe4 Qxd2) 24... Qc5 25. Qxc5 Nxc5 26. Rxe6 Rxe6 27. Ra1 Ne4 28. Bxe4 Rxe4 {[%emt 0:00:00][%mdl 4096] Endgame. KRB-KRB} 29. a5 Bc5 30. Kf1 {[%emt 0:00:06] Against Re2} Kf8 31. f3 Re7 32. Ra4 g5 33. Bd2 a6 34. h4 f6 35. h5 Kf7 36. Rc4 Bd6 37. g4 Re5 38. Ra4 (38. Rd4 $11 Bc7 39. c4) 38... Rb5 (38... f5 $15) 39. Ke2 Bc7 40. c4 Rb1 41. Rb4 Rxb4 {[%emt 0:00:01] The position is equal.} 42. Bxb4 {[%emt 0:00:01] KB-KB} Be5 43. Kd3 Bh2 44. Ke4 Bc7 45. Kf5 Bd8 46. c5 Be7 47. Ba3 Bd8 48. Bb4 Be7 49. Ba3 Bd8 50. Bb4 {[%emt 0:00:01] Weighted Error Value: White=0.11 (very precise) /Black=0.09 (flawless) .  Mistake:       	White=2     	Black=1      Inaccurate:     	White=2     	Black=3      OK:         	White=17    	Black=14     Best:        	White=1     	---} 1/2-1/2

[Event "CCT Julius Baer-D3 2024"]
[Site "Online"]
[Date "2024.09.27"]
[Round "2"]
[White "Korobov, Anton"]
[Black "Gelfand, Boris"]
[Result "1/2-1/2"]
[ECO "D40"]
[WhiteElo "2650"]
[BlackElo "2658"]
[Annotator "RC"]
[PlyCount "83"]
[EventDate "2024.09.25"]
[EventType "swiss"]
[EventCountry "NET"]
[SourceTitle "playchess.com"]
[Source "ChessBase"]
[SourceQuality "1"]
[TimeControl "600+2"]

1. d4 Nf6 2. c4 e6 3. Nf3 d5 4. e3 Be7 5. Nc3 O-O 6. Bd3 dxc4 7. Bxc4 c5 8. O-O Nc6 9. dxc5 Qxd1 10. Rxd1 Bxc5 11. a3 b6 12. b4 Be7 13. Bb2 Bb7 14. Nb5 Rfd8 15. Ne5 Rxd1+ 16. Rxd1 Nxe5 17. Bxe5 a5 18. bxa5 bxa5 19. f3 Bc6 20. a4 Kf8 21. Kf2 Nd7 22. Bd4 Nc5 23. Ra1 Rb8 24. Bc3 Nxa4 25. Rxa4 Bxb5 26. Bxb5 Rxb5 27. Rxa5 Rxa5 28. Bxa5 f5 29. h3 Kf7 30. Bc3 Bd6 31. g4 g6 32. e4 fxe4 33. fxe4 h5 34. Kf3 hxg4+ 35. Kxg4 Be7 36. h4 Bd6 37. h5 gxh5+ 38. Kxh5 Be7 39. Kg4 Bd6 40. Kh5 Be7 41. Kg4 Bd6 42. Kh5 1/2-1/2

[Event "CCT Julius Baer-D3 2024"]
[Site "Online"]
[Date "2024.09.27"]
[Round "2"]
[White "Svane, Rasmus"]
[Black "Moussard, Jules"]
[Result "1-0"]
[ECO "D35"]
[WhiteElo "2629"]
[BlackElo "2600"]
[Annotator "TA"]
[PlyCount "67"]
[EventDate "2024.09.25"]
[EventType "swiss"]
[EventCountry "NET"]
[SourceTitle "playchess.com"]
[Source "ChessBase"]
[SourceQuality "1"]
[TimeControl "600+2"]

1. c4 e6 2. Nc3 d5 3. d4 Nf6 4. cxd5 exd5 5. Bg5 c6 6. e3 h6 7. Bh4 Be7 8. Bd3 O-O 9. Nge2 Ne8 10. Bg3 Nd6 11. O-O {[%emt 0:00:37] White is slightly better.} Re8 12. Qc2 Bf8 13. Rae1 a5 14. Kh1 Na6 15. a3 {[%emt 0:00:02] Dodges Nb4} Nc7 16. Ng1 b5 17. Nf3 Nc4 18. Ne5 Nxe5 19. Bxe5 Bd6 20. Bxd6 Qxd6 21. Rc1 Ne6 22. Ne2 Bd7 23. Bf5 h5 (23... a4 $14) 24. Bxe6 ({Better is} 24. Ng3 $16) 24... Qxe6 $14 25. Nf4 Qh6 26. Nd3 (26. h4 $14) 26... h4 (26... Bf5 $11) 27. Ne5 $36 {[%emt 0:00:25][%cal Bd3e5,Be5d7,Bd7e5][%mdl 2080] White is really pushing.} h3 28. Nxd7 hxg2+ (28... Qe6 $16 {might work better.}) 29. Kxg2 $18 Re4 $2 {[%emt 0:00:52] [#]} (29... Qe6) 30. Ne5 Re8 31. Qxc6 Qg5+ 32. Kh1 Re6 33. Qa8+ (33. Qc8+ $142 Kh7 34. Qh8+ (34. Nxf7 Qh5 $18) 34... Kxh8 35. Nxf7+ Kg8 36. Nxg5 g6 37. Nxe4 Rxe4 38. Rc5 (38. Rc8+ Kf7 $18)) 33... Kh7 34. Qh8+ {[%emt 0:00:01] Weighted Error Value: White=0.23 (precise) /Black=0.82.  Mistake:       	White=2     	Black=4      Inaccurate:     	White=1     	Black=4      OK:         	White=5     	Black=4      Best:        	White=2     	Black=1} 1-0